 Dungeon Crawl Stone Soup version 0.21.1-1-g345015f (webtiles) character file.

218789 Mesmaeker13 the Carver (level 17, -9/148 HPs)
             Began as a Demigod Skald on Apr 2, 2018.
             Mangled by Donald
             ... wielding a +2 broad axe of venom
              (39 damage)
             ... on level 1 of the Shoals.
             The game lasted 01:59:41 (40294 turns).

Mesmaeker13 the Carver (Demigod Skald)             Turns: 40294, Time: 01:59:41

Health: -9/148     AC: 21    Str: 24    XL:     17   Next: 79%
Magic:  24/31      EV: 19    Int: 19    God:
Gold:   1344       SH: 17    Dex: 17    Spells: 14/28 levels left

rFire    . . .     SeeInvis +   v - +2 double sword of the Warrior-Mage {elec, +Blink}
rCold    + . .     Gourm    .   z - +0 shield
rNeg     + . .     Faith    .   c - +0 chain mail "Hueroos" {rC- rN+ rCorr Slay+3}
rPois    .         Spirit   .   R - +1 helmet
rElec    +         Reflect  +   E - +1 cloak of Starlight {rElec rC+ EV+4 Stlth--}
rCorr    +         Harm     .   L - +0 pair of gloves
MR       ++...                  e - +2 pair of boots {Stlth+}
Stlth    ..........             D - +3 amulet of reflection
HPRegen  1.34/turn              P - ring "Viteuxag" {rC+ MR+ Int+2 SInv Stlth+}
MPRegen  0.22/turn              H - +6 ring of evasion

@: about to teleport, very slightly contaminated, regenerating
A: high mp 1, strong 1
}: 1/15 runes: gossamer
a: Evoke Blink


You were on level 1 of the Shoals.
You were not hungry.

You visited 6 branches of the dungeon, and saw 29 of its levels.
You also visited: Labyrinth, Ossuary and Bailey.

You collected 3172 gold pieces.
You spent 1828 gold pieces at shops.

Inventory:

Hand Weapons
 a - a +4 scimitar of flaming
 k - a +5 scimitar
 v - the +2 double sword of the Warrior-Mage (weapon) {elec, +Blink}
   (You acquired it on level 6 of the Lair of Beasts)

   Occasionally, upon striking a foe, it will discharge some electrical energy
   and cause terrible harm.
   It lets you blink.
Armour
 c - the +0 chain mail "Hueroos" (worn) {rC- rN+ rCorr Slay+3}
   (You found it on level 10 of the Dungeon)

   It affects your accuracy and damage with ranged weapons and melee attacks
   (+3).
   It makes you vulnerable to cold.
   It protects you from negative energy.
   It protects you from acid and corrosion.
 e - a +2 pair of boots of stealth (worn)
 p - +0 swamp dragon scales
 z - a +0 shield (worn)
 A - a +2 scale mail of fire resistance
 E - the +1 cloak of Starlight (worn) {rElec rC+ EV+4 Stlth--}
   (You found it on level 6 of the Dungeon)

   It affects your evasion (+4).
   It protects you from cold.
   It insulates you from electricity.
   It makes you much less stealthy.
 L - a +0 pair of gloves (worn)
 O - a +1 scale mail of magic resistance
 R - a +1 helmet (worn)
Jewellery
 D - a +3 amulet of reflection (around neck)
 G - an uncursed ring of protection from cold
 H - a +6 ring of evasion (right hand)
 P - the ring "Viteuxag" (left hand) {rC+ MR+ Int+2 SInv Stlth+}
   (You found it on level 6 of the Lair of Beasts)

   [ring of protection from cold]

   It affects your intelligence (+2).
   It protects you from cold.
   It affects your resistance to hostile enchantments.
   It lets you see invisible.
   It makes you more stealthy.
Wands
 o - a wand of digging (17)
 q - a wand of scattershot (2)
 x - a wand of acid (17)
Scrolls
 b - 4 scrolls of magic mapping
 g - 8 scrolls of teleportation
 h - 2 scrolls of blinking
 j - 2 scrolls of remove curse
 l - a scroll of summoning
 s - 2 scrolls of identify
 t - a scroll of immolation
 y - 4 scrolls of fog
 N - a scroll of fear
Potions
 f - 4 potions of might
 i - 3 potions of cancellation
 m - 5 potions of resistance
 n - 7 potions of haste
 r - 2 potions of agility
 u - 3 potions of brilliance
 w - 5 potions of ambrosia
 B - a potion of berserk rage
 C - 4 potions of curing
 F - a potion of invisibility
 M - 3 potions of flight
 Q - 3 potions of magic
Miscellaneous
 V - a fan of gales
Comestibles
 d - 25 rations
 I - 12 chunks of flesh


   Skills:
 + Level 12.8 Fighting
 + Level 13.8 Long Blades
 - Level 10.1 Armour
 - Level 2.2 Dodging
 + Level 13.1 Shields
 - Level 6.4 Spellcasting
 - Level 6.0 Hexes
 - Level 10.0 Charms
 + Level 10.1 Necromancy
 - Level 3.4 Translocations


You had 14 spell levels left.
You knew the following spells:

 Your Spells              Type           Power        Failure   Level  Hunger
b - Song of Slaying       Chrm           #####...     1%          2    None
c - Shroud of Golubria    Chrm/Tloc      ####......   7%          2    None
d - Spectral Weapon       Hex/Chrm       #####...     9%          3    ##.....
e - Regeneration          Chrm/Necr      #####.....   3%          3    ##.....
f - Animate Dead          Necr           N/A          11%         4    ####...


Dungeon Overview and Level Annotations

Branches:
Dungeon (15/15)            Temple (0/1) D:5            Lair (6/6) D:8
 Shoals (1/4) Lair:4       Spider (4/4) Lair:4        Slime (0/5) Lair:6
    Orc (2/2) D:12            Elf (0/3) Orc:2        Vaults (0/5) D:14
 Depths (1/5) D:15

Shops:
D:13 *   Orc:1 }   Orc:2 **:[

Annotations:
Shoals:1 Donald
Spider:4 1 exclusion


Innate Abilities, Weirdness & Mutations

You have an increased reservoir of magic. (+10% MP)
Your muscles are strong. (Str +2)


Message History

You feel much better.
You feel very sick.
Donald says, "Tides?
I despise tides.
No, wait, I hate tides!"
Donald hits you with a broad axe of venom!
* * * LOW HITPOINT WARNING * * *
You are more poisoned.
Blink to where?
Press: ? - help, Dir - move target cursor You are very lightly contaminated with residual magic.
As you read the scroll of blinking, it crumbles to dust.
* * * LOW HITPOINT WARNING * * *
You feel very sick.
As you read the scroll of teleportation, it crumbles to dust.
You feel strangely unstable.
* * * LOW HITPOINT WARNING * * *
You feel very sick.
Donald says, "My feet hurt."
You feel better.
Donald hits you with a broad axe of venom!!!
You die...

≈.........≈≈...##.# .≈≈≈≈≈≈≈...
≈≈≈...###..)≈≈....# #.≈≈≈≈≈≈...
≈≈≈...# #..>≈≈≈≈.## #..≈≈≈≈..#
≈≈≈≈..###.≈≈≈≈..## #..≈≈≈..#
≈≈≈≈.(...≈≈≈≈≈..## ##......#
≈≈≈≈≈...≈≈≈≈≈≈≈..## ###.≈..≈....
≈≈≈≈≈≈≈≈≈≈≈≈≈≈≈≈..####...≈≈≈≈....
≈≈≈≈≈≈≈≈≈≈≈≈≈≈≈.###...≈≈≈≈≈≈....
≈≈≈≈≈≈≈≈≈≈≈≈≈≈.@##...≈≈≈≈≈≈≈≈≈.≈
≈≈≈≈≈≈≈≈≈≈≈≈≈≈≈.@....≈≈≈≈≈≈≈....
≈≈≈≈≈≈≈≈≈≈≈≈≈≈≈≈....≈≈≈≈≈≈≈≈.#..
≈≈≈≈≈≈≈≈≈≈≈≈≈≈≈≈≈≈≈≈≈≈≈≈≈≈≈≈...≈
≈≈≈≈≈≈≈≈≈≈≈≈≈≈≈≈≈≈≈≈≈.≈
≈≈≈≈≈≈≈≈≈≈≈≈≈≈≈≈≈≈≈≈≈≈
≈≈≈≈≈≈≈≈≈≈≈≈≈≈≈≈≈≈≈≈
≈≈≈≈≈≈≈≈≈≈≈≈≈≈≈≈≈≈
≈≈≈≈≈≈≈≈≈≈≈≈≈≈≈≈


You could see Donald.

Vanquished Creatures
  Arachne (Spider:2)
  Kirke (Spider:4)
  Louise (Spider:4)
  4 ghost moths (Spider:4)
  7 emperor scorpions
  A stone giant (Orc:1)
  4 entropy weavers
  2 spark wasps
  An ettin (Orc:1)
  A minotaur (Lab)
  Snorg (D:11)
  A merfolk impaler (Shoals:1)
  2 ogre magi (D:15)
  Fannar (D:11)
  2 hydras (Lair:6)
  3 centaur warriors
  The ghost of Serooblart the Fighter, a novice MiAK of Lugonu (D:9)
  Erica (D:6)
  A catoblepas (D:13)
  13 two-headed ogres
  A queen ant (Spider:3)
  12 death yaks
  A tengu warrior (D:13)
  Urug (Lair:4)
  Nergalle (D:10)
  4 orc high priests (Orc:2)
  4 skeletal warriors (D:13)
  A flayed ghost (Depths:1)
  An unseen horror (D:13)
  A wolf spider zombie (D:15)
  2 wizards
  12 orb spiders
  2 orc knights
  2 orb spiders (shapeshifter) (D:14)
  29 wolf spiders
  3 deep elf magi (D:15)
  6 orc sorcerers
  3 oklob plants (Lair:6)
  7 ugly things
  3 fauns (Shoals:1)
  2 cyclopes
  3 elephants (Lair:5)
  3 moths of wrath
  6 merfolk sirens
  Maurice (D:8)
  Psyche (D:12)
  Joseph (Lair:1)
  A naga mage (D:15)
  2 torpor snails
  An orange demon (Spider:3)
  4 black mambas
  22 spiny frogs
  A gargoyle (D:13)
  An efreet (D:15)
  A kobold demonologist (D:15)
  3 rime drakes
  10 demonic crawlers
  6 komodo dragons
  A wind drake (shapeshifter) (D:14)
  4 trolls
  5 tyrant leeches (Lair:6)
  2 hornets (Spider:2)
  8 merfolk (Shoals:1)
  25 jumping spiders
  2 polar bears
  4 slime creatures (D:12)
  A wind drake (Shoals:1)
  A snapping turtle (Shoals:1)
  14 dream sheep
  19 blink frogs
  10 hippogriffs
  A snapping turtle (shapeshifter) (D:14)
  69 redbacks
  A wraith (D:9)
  48 yaks
  35 tarantellas
  A wyvern (Lair:2)
  Grum (Lair:1)
  A neqoxec (Spider:3)
  A hog (Spider:4)
  A hungry ghost (D:8)
  19 vampire mosquitoes
  Menkaure (D:7)
  A warg (Orc:2)
  An acid dragon (D:13)
  10 water moccasins
  5 porcupines
  8 soldier ants
  21 orc warriors
  3 black bears
  2 eyes of draining
  A hornet zombie (D:12)
  5 ice beasts
  12 ogres
  7 sky beasts
  An ogre (shapeshifter) (D:15)
  7 centaurs
  A necrophage (D:9)
  3 wolves (Lair:1)
  11 crocodiles
  34 bullfrogs
  2 wyvern zombies
  A wyvern skeleton (D:6)
  2 scorpions
  12 wights
  An electric eel (D:14)
  8 crimson imps
  4 howler monkeys
  A centaur zombie (D:11)
  3 bullfrog zombies
  6 hounds
  4 jellies
  2 quasits (D:8)
  37 orc priests
  4 bullfrog skeletons
  An iguana (D:12)
  10 centaur skeletons
  Ijyb (D:5)
  4 hell rats (Lair:2)
  27 orc wizards
  24 worker ants
  2 big kobold zombies (Ossuary)
  2 hound zombies (D:6)
  A hound skeleton (D:4)
  8 mummies (Ossuary)
  16 gnolls
  13 adders
  5 shadow imps
  2 oozes
  An adder skeleton (D:9)
  3 worms
  A dart slug (D:5)
  5 leopard geckos
  82 orcs
  4 giant cockroaches
  22 goblins
  15 hobgoblins
  15 jackals
  6 quokkas
  14 bats
  4 frilled lizards
  A gnoll zombie (Ossuary)
  2 hobgoblin zombies (Ossuary)
  13 kobolds
  2 kobold zombies (Ossuary)
  An orc zombie (Ossuary)
  11 rats
  A bush (D:5)
  2 plants
1030 creatures vanquished.

Vanquished Creatures (collateral kills)
  An entropy weaver (Spider:1)
  6 orb spiders
  5 demonic crawlers
  8 jumping spiders
  2 hornets
  8 tarantellas
  12 redbacks
  2 soldier ants (Spider:4)
  2 worker ants (Spider:4)
46 creatures vanquished.

Vanquished Creatures (others)
  An orb spider (Spider:2)
  A faun (Shoals:1)
  2 redbacks
  2 humans (Spider:4)
  A centaur (D:14)
  3 orcs
  A hobgoblin (Bailey)
  4 kobolds (Bailey)
  15 fungi
  65 plants
  33 spectral weapons
128 creatures vanquished.

Grand Total: 1204 creatures vanquished

Notes
Turn   | Place    | Note
-------+----------+-------------------------------------------
     0 | D:1      | Mesmaeker13 the Demigod Skald began the quest for the Orb.
     0 | D:1      | Reached XP level 1. HP: 17/17 MP: 5/5
   264 | D:1      | Reached XP level 2. HP: 21/24 MP: 5/7
   718 | D:2      | Learned a level 2 spell: Song of Slaying
  1032 | D:2      | Reached XP level 3. HP: 26/29 MP: 8/8
  1333 | D:2      | Reached skill level 1 in Armour
  1610 | D:2      | Reached XP level 4. HP: 26/37 MP: 9/9
  1964 | D:2      | Found a sparkling altar of Nemelex Xobeh.
  2116 | D:3      | Found an ornate altar of the Wu Jian Council.
  2365 | D:3      | Found a faded altar of an unknown god.
  2542 | D:4      | Found a sand-covered staircase.
  2551 | Ossuary  | Entered an ossuary
  2686 | Ossuary  | Gained mutation: Your muscles are strong. (Str +2) [potion of mutation]
  2714 | Ossuary  | Reached XP level 5. HP: 29/44 MP: 10/10
  4028 | D:4      | Reached XP level 6. HP: 47/51 MP: 11/11
  4935 | D:5      | Entered Level 5 of the Dungeon
  5092 | D:5      | Found a white marble altar of Elyvilon.
  5092 | D:5      | Found a hide-covered altar of Uskayaw.
  5092 | D:5      | Found a blossoming altar of Fedhas.
  5121 | D:5      | Noticed Ijyb
  5137 | D:5      | Killed Ijyb
  5380 | D:5      | Found a staircase to the Ecumenical Temple.
  5492 | D:5      | Reached XP level 7. HP: 52/58 MP: 12/12
  5938 | D:6      | Learned a level 2 spell: Shroud of Golubria
  6282 | D:6      | Reached skill level 1 in Translocations
  6455 | D:6      | Found the +1 cloak of Starlight {rElec rC+ EV+4 Stlth--}
  7003 | D:6      | Reached XP level 8. HP: 54/67 MP: 13/13
  7436 | D:7      | Reached skill level 5 in Fighting
  7436 | D:7      | Reached skill level 5 in Long Blades
  7623 | D:7      | Noticed Menkaure
  7631 | D:7      | Killed Menkaure
  8038 | D:7      | Reached skill level 5 in Armour
  8301 | D:8      | Noticed a two-headed ogre
  8335 | D:7      | Learned a level 3 spell: Spectral Weapon
  8375 | D:8      | Reached skill level 1 in Shields
  8375 | D:8      | Reached skill level 1 in Hexes
  8647 | D:8      | Reached XP level 9. HP: 67/75 MP: 9/14
  8830 | D:8      | Killed a two-headed ogre
  8872 | D:8      | Noticed Erica
  9225 | D:6      | Killed Erica
  9386 | D:8      | Noticed Maurice
  9455 | D:8      | Killed Maurice
  9719 | D:8      | Found a staircase to the Lair.
  9881 | D:9      | Reached XP level 10. HP: 74/84 MP: 15/15
 10666 | D:9      | Noticed Serooblart's ghost (novice MiAK)
 10670 | D:10     | Entered Level 10 of the Dungeon
 10799 | D:9      | Noticed a two-headed ogre
 10813 | D:9      | Killed a two-headed ogre
 11436 | Lair:1   | Entered Level 1 of the Lair of Beasts
 11536 | Lair:1   | Reached skill level 5 in Shields
 11543 | Lair:1   | Learned a level 3 spell: Regeneration
 11622 | Lair:1   | Noticed Grum
 11623 | Lair:1   | Reached skill level 5 in Hexes
 11635 | Lair:1   | Noticed Joseph
 11985 | Lair:1   | Killed Grum
 12001 | Lair:1   | Killed Joseph
 12746 | Lair:1   | Reached XP level 11. HP: 86/94 MP: 13/17
 12933 | Lair:2   | Reached skill level 1 in Necromancy
 13205 | Lair:2   | Reached skill level 5 in Charms
 13247 | Lair:2   | Identified a scroll of acquirement
 13275 | Lair:2   | Noticed a death yak
 13306 | Lair:2   | Noticed a death yak
 13321 | Lair:2   | Noticed a death yak
 13741 | Lair:2   | Noticed a death yak
 13767 | Lair:1   | Killed a death yak
 13854 | Lair:2   | Noticed a death yak
 13857 | Lair:2   | Killed a death yak
 14128 | Lair:1   | Killed a death yak
 14375 | Lair:2   | Killed a death yak
 14379 | Lair:2   | Killed a death yak
 15236 | Lair:3   | Found a shadowy altar of Dithmenos.
 15762 | Lair:4   | Found a staircase to the Shoals.
 16207 | Lair:4   | Found a hole to the Spider Nest.
 16468 | Lair:4   | Reached XP level 12. HP: 96/104 MP: 16/18
 17134 | Lair:4   | Noticed Urug
 17315 | Lair:4   | Killed Urug
 18091 | Lair:5   | Reached skill level 5 in Necromancy
 19351 | Lair:6   | Entered Level 6 of the Lair of Beasts
 19351 | Lair:6   | Noticed an eight-headed hydra
 19359 | Lair:6   | Killed a three-headed hydra
 19428 | Lair:6   | Found a viscous altar of Jiyva.
 19428 | Lair:6   | Found a staircase to the Slime Pits.
 19494 | Lair:6   | Reached skill level 10 in Fighting
 19525 | Lair:6   | Reached skill level 10 in Long Blades
 19736 | Lair:6   | Reached XP level 13. HP: 113/113 MP: 17/22
 20972 | Lair:6   | Got a vibrating lapis lazuli ring
 21179 | Lair:6   | Reached skill level 5 in Spellcasting
 21220 | Lair:6   | Identified the ring "Viteuxag" {rC+ MR+ Int+2 SInv Stlth+} (You found it on level 6 of the Lair of Beasts)
 21690 | D:10     | Got a jasper-encrusted chain mail
 22003 | D:10     | Noticed Nergalle
 22014 | D:10     | Killed Nergalle
 22419 | D:11     | Identified the cursed +0 chain mail "Hueroos" {rC- rN+ rCorr Slay+3} (You found it on level 10 of the Dungeon)
 22511 | D:11     | Noticed Fannar
 22540 | D:11     | Killed Fannar
 22660 | D:11     | Noticed Snorg
 22698 | D:11     | Killed Snorg
 22832 | D:11     | Reached XP level 14. HP: 118/121 MP: 24/26
 22981 | D:12     | Found a labyrinth entrance.
 23009 | Lab      | Entered a labyrinth
 23665 | D:12     | Noticed Psyche
 23671 | D:12     | Killed Psyche
 23683 | D:12     | Found a staircase to the Orcish Mines.
 24681 | Orc:1    | Entered Level 1 of the Orcish Mines
 24681 | Orc:1    | Found Piozxuli's Gadget Shop.
 25922 | Orc:2    | Entered Level 2 of the Orcish Mines
 25939 | Orc:1    | Reached skill level 10 in Shields
 27274 | Orc:2    | Found Xukhlats's Assorted Antiques.
 27274 | Orc:2    | Found Hiafisam's Book Shop.
 27294 | Orc:2    | Found Miprascha's Armour Shop.
 27300 | Orc:2    | Found Paugozen's General Store.
 27652 | Orc:2    | Found a staircase to the Elven Halls.
 28053 | Orc:2    | Bought a scroll of teleportation for 84 gold pieces
 28053 | Orc:2    | Bought a tubular jade ring for 140 gold pieces
 28086 | Orc:2    | Bought +0 swamp dragon scales for 800 gold pieces
 28221 | D:9      | Killed Serooblart's ghost
 28534 | D:13     | Found Xecel's Assorted Antiques.
 28572 | D:13     | Bought a scroll of identify for 54 gold pieces
 28708 | D:13     | Reached skill level 10 in Charms
 28890 | D:13     | Got a transparent lapis lazuli ring
 28892 | D:13     | Identified the ring "Hifiet" {rF+ rN+ Str-4 Int+4 Dex+4} (You found it on level 13 of the Dungeon)
 29977 | D:14     | Found a flagged portal.
 29986 | Bailey   | Entered a bailey
 30351 | D:14     | Found a gate to the Vaults.
 30940 | D:15     | Entered Level 15 of the Dungeon
 30963 | D:15     | Reached XP level 15. HP: 98/128 MP: 29/29
 31498 | D:15     | Reached skill level 10 in Armour
 31864 | D:15     | Found a staircase to the Depths.
 32038 | Orc:2    | Bought a book of Necromancy for 540 gold pieces
 32203 | Lair:1   | Learned a level 4 spell: Animate Dead
 32376 | Spider:1 | Entered Level 1 of the Spider Nest
 34186 | Spider:2 | Got a brightly glowing robe
 34825 | Spider:3 | Noticed Arachne
 34856 | Spider:2 | Killed Arachne
 34917 | Spider:2 | Identified the +2 robe of Nouv {*Slow rC+++ Regen+ Int-4} (You found it on level 2 of the Spider Nest)
 35704 | Spider:3 | Reached XP level 16. HP: 124/138 MP: 26/30
 36561 | Spider:4 | Entered Level 4 of the Spider Nest
 37038 | Spider:4 | Reached XP level 17. HP: 146/146 MP: 21/31
 37228 | Spider:4 | Noticed Kirke
 37244 | Spider:4 | Killed Kirke
 37857 | Spider:4 | Noticed Louise
 37918 | Spider:4 | Killed Louise
 38476 | Spider:4 | Got a gossamer rune of Zot
 38973 | Depths:1 | Entered Level 1 of the Depths
 38982 | Depths:1 | Reached skill level 10 in Necromancy
 39166 | Orc:2    | Bought a +2 scale mail of fire resistance for 210 gold pieces
 39743 | Lair:6   | Got a dazzling double sword
 39744 | Lair:6   | Identified the +2 double sword of the Warrior-Mage {elec, +Blink} (You acquired it on level 6 of the Lair of Beasts)
 39839 | Shoals:1 | Entered Level 1 of the Shoals
 40266 | Shoals:1 | Noticed Donald
 40294 | Shoals:1 | Mangled by Donald

Skill      XL: |  1  2  3  4  5  6  7  8  9 10 11 12 13 14 15 16 17 |
---------------+----------------------------------------------------+-----
Fighting       | 2 3 4 5 6 7 9 10 11 12 | 12.8
Long Blades    | 2 3 4 5 6 7 9 10 11 12 13 | 13.8
Dodging        | 2 |  2.2
Charms         | 3 4 6 7 9 10 | 10.0
Armour         | 1 2 3 4 5 6 7 8 9 10 | 10.1
Translocations | 2 3 |  3.4
Shields        | 1 3 5 7 8 9 10 11 12 13 | 13.1
Hexes          | 1 3 5 6 |  6.0
Necromancy     | 4 5 6 8 9 10 | 10.1
Spellcasting   | 3 5 6 |  6.4

Action                   |  1- 3 |  4- 6 |  7- 9 | 10-12 | 13-15 | 16-18 || total
-------------------------+-------+-------+-------+-------+-------+-------++-------
Melee: Falchion          |    39 |       |       |       |       |       ||    39
       Short sword       |    77 |   230 |   139 |       |       |       ||   446
       Long sword        |       |    97 |   193 |       |       |       ||   290
       Scimitar          |       |       |    34 |   494 |  1787 |   546 ||  2861
       Double sword      |       |       |       |       |       |   100 ||   100
Throw: Throwing net      |       |       |     2 |       |     2 |       ||     4
 Cast: Infusion          |     4 |     7 |    13 |     4 |     2 |       ||    30
       Song of Slaying   |       |       |     3 |     8 |    14 |     1 ||    26
       Shroud of Golubri |       |       |     3 |    27 |    46 |    15 ||    91
       Spectral Weapon   |       |       |     4 |    48 |    83 |    25 ||   160
       Regeneration      |       |       |       |     9 |    48 |    16 ||    73
       Animate Dead      |       |       |       |       |     7 |    19 ||    26
Evoke: Wand              |       |       |     7 |     8 |     2 |     2 ||    19
  Use: Scroll            |     4 |     3 |     3 |    17 |    18 |     8 ||    53
       Potion            |       |    12 |     2 |       |     1 |     3 ||    18
 Stab: Sleeping          |     2 |       |       |       |       |       ||     2
       Distracted        |       |       |     2 |     2 |     8 |    13 ||    25
       Held in net/web   |       |       |       |       |     1 |     2 ||     3
  Eat: Chunk             |     2 |    10 |    11 |    21 |    46 |    14 ||   104
       Ration            |       |     1 |     2 |     6 |     5 |     2 ||    16
Armor: Leather armour    |    17 |    36 |    85 |    55 |       |       ||   193
       Ring mail         |    20 |    32 |       |       |       |       ||    52
       Skin              |       |    41 |       |       |       |       ||    41
       Scale mail        |       |       |       |    41 |   177 |       ||   218
       Swamp dragon scal |       |       |       |       |   240 |   137 ||   377
       Chain mail        |       |       |       |       |       |    25 ||    25
Dodge: Dodged            |    74 |   139 |   265 |   337 |  1050 |   368 ||  2233
Block: Other             |       |       |       |    49 |    30 |       ||    79
       Shield            |       |       |       |       |  1227 |   540 ||  1767
       Reflection        |       |       |       |       |    47 |    13 ||    60
       Rpst.: Falchion   |     7 |       |       |       |       |       ||     7
       Long sword        |       |    10 |    52 |       |       |       ||    62
       Scimitar          |       |       |     5 |    99 |   242 |    54 ||   400
       Double sword      |       |       |       |       |       |     8 ||     8
